 Dungeon Crawl Stone Soup version 0.18.1-48-g4cf74bf (webtiles) character file.

1081 Krovax2 the Digger (level 8, -3/64 HPs)
             Began as a Gargoyle Earth Elementalist on July 22, 2016.
             Was an Initiate of Vehumet.
             Slain by Edmund
             ... wielding a +2 flail of protection
              (6 damage)
             ... on level 4 of the Dungeon.
             The game lasted 00:49:46 (5109 turns).

Krovax2 the Digger (Gargoyle Earth Elementalist)    Turns: 5109, Time: 00:49:47

Health: -3/64      AC: 24    Str:  9 (12) XL:     8   Next: 29%
Magic:  3/18       EV:  2    Int: 16 (18) God:    Vehumet [......]
Gold:   182        SH:  0    Dex:  7 (10) Spells: 3 memorised, 11 levels left

rFire  . . .     SeeInvis .     x - +3 whip (freeze)
rCold  . . .     Gourm    .     (armour currently unavailable)
rNeg   + + +     Faith    .     (no shield)
rPois  ∞         Spirit   .     (helmet currently unavailable)
rElec  .         Dismiss  .     (cloak currently unavailable)
rCorr  .         Reflect  .     (gloves currently unavailable)
SustAt .         Harm     .     (boots currently unavailable)
MR     .....     NoTele   +     (no amulet)
Stlth  ++........               (no ring)
                                (no ring)

@: tree-form, not resistant to hostile enchantments, unstealthy
A: negative energy resistance 1, (electricity resistance), (unbreathing),
petrification resistance, rot immunity, AC +5
a: Renounce Religion


You were on level 4 of the Dungeon.
You worshipped Vehumet.
Vehumet was noncommittal.
You were not hungry.
You were a tree.
You visited 1 branch of the dungeon, and saw 5 of its levels.

You collected 182 gold pieces.

Inventory:

Hand Weapons
 f - a +0 mace
 k - a +2 dagger of venom
 t - a +0 flail
 u - a +1 dagger of holy wrath
 x - a +3 whip of freezing (weapon)
Missiles
 d - 16 stones (quivered)
Armour
 a - a +0 robe (melded)
 m - a +0 pair of boots (melded)
 v - a +1 cloak (melded)
 y - a +1 ring mail of poison resistance
Jewellery
 p - an uncursed amulet of dismissal
 q - an uncursed amulet of guardian spirit
Wands
 o - a wand of polymorph (0/24)
 r - a wand of iceblast (0/15)
Scrolls
 e - a scroll of noise
 j - 3 scrolls of identify
 l - 2 scrolls of remove curse
Potions
 g - a potion of might {unknown}
 z - a potion of cancellation {unknown}
Books
 c - a book of Geomancy

   Spells                             Type                      Level
   a - Sandblast                      Earth                        1
   b - Passwall                       Transmutation/Earth          2
   c - Stone Arrow                    Conjuration/Earth            3
   d - Petrify                        Transmutation/Earth          4
   e - Lee's Rapid Deconstruction     Earth                        5
Comestibles
 b - 4 bread rations
 i - 4 meat rations
 w - a slice of pizza


   Skills:
 + Level 1.3 Fighting
 + Level 1.3 Maces & Flails
 - Level 1.5 Dodging
 - Level 2.1 Stealth
 + Level 6.7 Spellcasting
 * Level 2.2 Conjurations
   Level 0.7 Transmutations
 + Level 7.4 Earth Magic


You had 11 spell levels left.
You knew the following spells:

 Your Spells              Type           Power        Failure   Level  Hunger
a - Sandblast             Erth           ####..       1%          1    None
b - Stone Arrow           Conj/Erth      ###...       6%          3    ##.....
c - Lee's Rapid Deconstr  Erth           ####......   17%         5    #####..


Dungeon Overview and Level Annotations

Branches:
Dungeon (5/15)
 Temple: D:4-7

Altars:
Dithmenos
Vehumet
Xom

Annotations:
D:2 exclusion: 2 downstairs
D:3 1 exclusion, tschems's ghost, amateur HuBe
D:4 exclusions: slave, 2 upstairs and 6 more exclusions, Edmund


Innate Abilities, Weirdness & Mutations

You are resistant to torment.
((Your stone body is resilient (AC +5).))
You are immune to poison.
You resist negative energy.
((You are resistant to electric shocks.))
((You can survive without breathing.))
You are immune to petrification.
You are immune to rotting.


Message History

You closely miss Edmund.
Edmund is heavily wounded.
The adder bites you but does no damage. Edmund hits you but does no damage.
You hit Edmund. You freeze Edmund.
Edmund is severely wounded.
The adder bites you but does no damage.
Edmund hits you with a flail of protection.
* * * LOW HITPOINT WARNING * * *
The adder bites you but does no damage.
You hit Edmund but do no damage.
Edmund is severely wounded.
The adder bites you but does no damage.
Edmund hits you with a flail of protection.
* * * LOW HITPOINT WARNING * * *
It was a potion of degeneration.
There was something very wrong with that liquid.
You feel weakened.
You feel dopey.
You feel clumsy. The adder bites you but does no damage.
Edmund hits you with a flail of protection.
You die...

## #.# #.#####.# ##.#
.##### #.## #.#.....#
#..# ....(# #..#
##...##### #.##
####.### ##.###...##
#.# #...####.##..#..#
#.# ###...<#.##.###.#
#.#
####....#.###.#######.#
###....@##......##.#
#.#.#S♣.......##.#
#...####......##.# ##
#..## ##......#.# .##
#.## ##.....#.# ..##
##..# #.......# #..##
#...# #....#..#
##..######.#.#
#....#..#
###.....##.#.###
#....#..#
...............##
###.....#


You could see Edmund and an adder.

Vanquished Creatures
  Pikel (D:4)
  A slave (D:4)
  2 ogres (D:4)
  2 orc wizards
  Ijyb (D:2)
  Natasha (twice) (D:4)
  4 worker ants (D:4)
  5 adders
  3 worms
  A dart slug (D:2)
  5 giant geckos
  6 orcs
  3 ball pythons
  6 giant cockroaches
  4 hobgoblins
  A jackal (D:3)
  2 quokkas (D:2)
  9 bats
  2 giant newts
  10 goblins
  6 kobolds
  10 rats
86 creatures vanquished.

Vanquished Creatures (others)
  3 slaves (D:4)
  3 orc wizards (D:4)
  3 orcs (D:4)
  2 giant newts (D:4)
11 creatures vanquished.

Grand Total: 97 creatures vanquished

Notes
Turn   | Place    | Note
--------------------------------------------------------------
     0 | D:1      | Krovax2 the Gargoyle Earth Elementalist began the quest for the Orb.
     0 | D:1      | Reached XP level 1. HP: 10/10 MP: 3/3
   141 | D:1      | Reached XP level 2. HP: 15/15 MP: 3/5
   299 | D:1      | Reached skill level 4 in Earth Magic
   857 | D:1      | Reached XP level 3. HP: 19/19 MP: 4/7
  1430 | D:2      | Noticed Ijyb
  1436 | D:2      | Killed Ijyb
  1436 | D:2      | Reached XP level 4. HP: 24/24 MP: 3/9
  2286 | D:3      | Reached skill level 5 in Earth Magic
  2294 | D:3      | Learned a level 3 spell: Stone Arrow
  2370 | D:3      | Reached XP level 5. HP: 28/28 MP: 3/10
  2375 | D:3      | Noticed tschems's ghost (amateur HuBe)
  2833 | D:3      | Found a shadowy altar of Dithmenos.
  2934 | D:3      | Found a shimmering altar of Xom.
  3839 | D:4      | Reached XP level 6. HP: 26/32 MP: 0/12
  4124 | D:4      | Noticed a slave
  4129 | D:4      | Noticed Pikel
  4138 | D:4      | Noticed a slave
  4138 | D:4      | Killed a slave
  4139 | D:4      | Noticed a slave
  4140 | D:4      | Noticed a slave
  4154 | D:4      | Killed Pikel
  4154 | D:4      | Reached skill level 6 in Earth Magic
  4154 | D:4      | Reached XP level 7. HP: 21/36 MP: 1/16
  4157 | D:4      | Reached skill level 7 in Earth Magic
  4439 | D:4      | Noticed Natasha
  4445 | D:4      | Killed Natasha
  4531 | D:4      | Killed a freed slave
  4569 | D:4      | Reached XP level 8. HP: 34/41 MP: 10/17
  4753 | D:4      | Noticed Natasha
  4760 | D:4      | Killed Natasha
  4760 | D:4      | Reached skill level 1 in Fighting
  4760 | D:4      | Reached skill level 1 in Maces & Flails
  4760 | D:4      | Reached skill level 1 in Conjurations
  4845 | D:4      | Found a radiant altar of Vehumet.
  4925 | D:4      | Became a worshipper of Vehumet
  4932 | D:4      | Learned a level 5 spell: Lee's Rapid Deconstruction
  5075 | D:5      | Entered Level 5 of the Dungeon
  5075 | D:5      | Noticed Edmund
  5108 | D:4      | HP: 3/64 [Edmund/flail of protection (3)]
  5109 | D:4      | Slain by Edmund

Skill      XL: |  1  2  3  4  5  6  7  8 |
---------------+-------------------------+-----
Earth Magic    | 4 5 6 7 |  7.4
Spellcasting   | 3 4 6 |  6.7
Fighting       | 1 |  1.3
Maces & Flails | 1 |  1.3
Conjurations   | 2 |  2.2
Dodging        | |  1.5
Stealth        | |  2.1
Transmutations | |  0.7

Action                   |  1- 3 |  4- 6 |  7- 9 || total
-------------------------+-------+-------+-------++-------
Melee: Mace              |    38 |    29 |       ||    67
       Flail             |       |    13 |       ||    13
       Dagger            |       |    42 |       ||    42
       Whip              |       |       |    45 ||    45
 Cast: Sandblast         |    33 |    63 |     5 ||   101
       Stone Arrow       |       |     3 |    15 ||    18
       Lee's Rapid Decon |       |       |     1 ||     1
Evoke: Wand              |       |       |     2 ||     2
  Use: Scroll            |       |     6 |     1 ||     7
       Potion            |       |     1 |     2 ||     3
 Stab: Sleeping          |     4 |     2 |       ||     6
  Eat: Chunk             |     2 |     8 |     4 ||    14
Armor: Robe              |    29 |    60 |    30 ||   119
       Skin              |       |    24 |     9 ||    33
Dodge: Dodged            |    35 |   115 |    35 ||   185
